 Dungeon Crawl Stone Soup version 0.25-a0-566-g062765be81 (webtiles) character file.

Game seed: 11059172919929836715, levelgen mode: deterministic

28 Flugslaktarn the Covered (level 2, -3/27 HPs)
             Began as a Deep Dwarf Fighter on Feb 27, 2020.
             Slain by an orc warrior
             ... wielding a +0 battleaxe
              (4 damage)
             ... on level 3 of the Dungeon.
             The game lasted 00:00:19 (389 turns).

Flugslaktarn the Covered (Deep Dwarf Fighter)        Turns: 389, Time: 00:00:20

Health: -3/27      AC: 11    Str: 19    XL:     2   Next: 96%
Magic:  2/2        EV:  3    Int:  8    God:
Gold:   24         SH:  9    Dex: 12    Spells: 1/1 levels left

rFire    . . .     SeeInvis .   a - +0 war axe
rCold    . . .     Gourm    .   c - +0 kite shield
rNeg     . . .     Faith    .   f - +0 plate armour
rPois    .         Spirit   .   (no helmet)
rElec    .         Reflect  .   (no cloak)
rCorr    .         Harm     .   (no gloves)
MR       .....                  (no boots)
Stlth    ..........             (no amulet)
HPRegen  0.00/turn              (no ring)
MPRegen  0.08/turn              (no ring)

@: non-regenerating
A: damage resistance, heal wounds, sense surroundings 1, no regeneration
a: Heal Wounds


You were on level 3 of the Dungeon.
You were not hungry.

You visited 1 branch of the dungeon, and saw 3 of its levels.

You collected 24 gold pieces.

Inventory:

Hand Weapons
 a - a +0 war axe (weapon)
Armour
 b - a +0 scale mail
 c - a +0 kite shield (worn)
 f - a +0 plate armour (worn)
   (You found it on level 1 of the Dungeon)
Scrolls
 h - 2 scrolls of remove curse {unknown}
 i - a scroll of noise {unknown}
 j - a scroll of identify {unknown}
Potions
 d - a potion of might
Comestibles
 e - 2 rations
 g - 7 chunks of flesh


   Skills:
 + Level 2.9 Fighting
 * Level 3.0 Axes
 + Level 3.5 Armour
 + Level 3.5 Shields


You had one spell level left.
You didn't know any spells.
Your spell library was empty.

Dungeon Overview and Level Annotations

Branches:
Dungeon (3/15)

Altars:
Ashenzari

Annotations:
D:2 2 transporters


Innate Abilities, Weirdness & Mutations

You are resistant to damage.
You can heal yourself by infusing magical energy.
You passively map a small area around you.
You do not regenerate.


Message History

The orc warrior completely misses you.
You closely miss the orc warrior.
The orc warrior is severely wounded.
The orc warrior hits you with a +0 battleaxe.
You hit the orc warrior.
The orc warrior is severely wounded.
The orc warrior hits you with a +0 battleaxe!
Ouch! That really hurt!
* * * LOW HITPOINT WARNING * * *
You are too injured to fight recklessly!
You are too injured to fight recklessly!
You are too injured to fight recklessly!
You are too injured to fight recklessly!
You are too injured to fight recklessly!
You are too injured to fight recklessly!
You are too injured to fight recklessly!
You hit the orc warrior.
The orc warrior is severely wounded.
The orc warrior hits you with a +0 battleaxe.
You die...

........# ........#
...>...[# ........##
.........# .###'###.# .#
#.# #.## **###
.###.###..#########.....
.+.._..'..(((...@ooo#**
, .#######..###########
.# ### #..... , ,,, .#
### #.....?. * *** ..
...,........#
......##.......# ..##
#.....#.# .. #....##.#


You could see an orc warrior and 2 orcs.

Vanquished Creatures
  An adder (D:3)
  A worm (D:3)
  An orc (D:3)
  A ball python (D:3)
  A giant cockroach (D:2)
  A goblin (D:3)
  A hobgoblin (D:2)
  3 jackals (D:1)
  A kobold (D:1)
  A frilled lizard (D:1)
  2 rats
14 creatures vanquished.

Notes
Turn   | Place    | Note
-------+----------+-------------------------------------------
     0 | D:1      | Flugslaktarn the Deep Dwarf Fighter began the quest for the
                  | Orb.
     0 | D:1      | Reached XP level 1. HP: 20/20 MP: 1/1
   190 | D:2      | Reached XP level 2. HP: 27/27 MP: 2/2
   239 | D:2      | Found a transporter.
   242 | D:2      | Noticed a bullfrog
   243 | D:2      | Noticed an orc warrior
   246 | D:2      | Found a transporter.
   360 | D:3      | Found a shattered altar of Ashenzari.
   373 | D:3      | Noticed an orc warrior
   388 | D:3      | HP: 1/27 [orc warrior/+0 battleaxe (14)]
   389 | D:3      | Slain by an orc warrior

Levels and vault maps discovered:
D:1:      tarquinn_simple_flora_water_f, layout_rooms, nrook_mini_vaults
D:2:      layout_loops_corners, gammafunk_temple_overflow_arena
D:3:      cheibrodos_old_hovel, layout_basic, lemuel_doored_altar,
          gup_sewer_entry_glass, nrook_loot_triangle, uniq_ijyb

Skill      XL: |  1  2 |
---------------+-------+-----
Axes           | 3 |  3.0
Fighting       | |  2.9
Armour         | |  3.5
Shields        | |  3.5

Action                   || total
-------------------------++-------
Melee: War axe           ||    68
 Abil: Heal Wounds       ||     1
Armor: Scale mail        ||    19
       Plate armour      ||    24
Dodge: Dodged            ||    24
Block: Kite shield       ||    44

Table legend:
 A = Non-vault XP
 B = Vault XP
 C = Vault XP percentage of total XP
 D = Non-vault monster count
 E = Vault monster count
 F = Vault count percentage of total count
                 A         B        C        D         E       F
            +---------+---------+-------+---------+---------+-------
      Total |      40 |       0 |   0.0 |      14 |       0 |   0.0
            +---------+---------+-------+---------+---------+-------
        D:1 |       9 |       0 |   0.0 |       5 |       0 |   0.0
        D:2 |       5 |       0 |   0.0 |       3 |       0 |   0.0
        D:3 |      26 |       0 |   0.0 |       6 |       0 |   0.0
            +---------+---------+-------+---------+---------+-------
